 Dungeon Crawl Stone Soup version 0.31-a0-233-g139696dc86 (webtiles) character file.

Game seed: 4461218895185248438

154 qw the Shooter (level 5, -10/42 HPs)
             Began as a Minotaur Hexslinger on July 9, 2023.
             Killed from afar by Natasha (12 damage)
             ... with a puff of flame
             ... on level 3 of the Dungeon.
             The game lasted 00:00:46 (2103 turns).

qw the Shooter (Minotaur Hexslinger)                Turns: 2103, Time: 00:00:47

Health: -10/42     AC:  7    Str: 13    XL:     5   Next: 13%
Magic:  5/5        EV: 11    Int: 10    God:
Gold:   146        SH:  0    Dex: 14    Spells: 5/6 levels left

rFire   . . .        e - +1 sling (heavy)
rCold   . . .        (no shield)
rNeg    . . .        l - +0 ring mail
rPois   .            (helmet restricted)
rElec   .            n - +0 cloak
rCorr   .            g - +0 pair of gloves
SInv    +            (no boots)
Will    ++...        (no amulet)
Stlth   +            m - ring of willpower
HPRegen 0.27/turn    c - ring "Pujanetic" {Will+ SInv}
MPRegen 0.09/turn

%: no passive effects
@: no status effects
A: horns 2, retaliatory headbutt
a: no special abilities


You were on level 3 of the Dungeon.
You visited 1 branch of the dungeon, and saw 3 of its levels.

You collected 146 gold pieces.


Innate Abilities, Weirdness & Mutations

You have a pair of horns on your head.
You reflexively headbutt those who attack you in melee.


   Skills:
 + Level 2.6 Fighting
 - Level 5.3 Ranged Weapons
 - Level 1.0 Armour
 - Level 2.1 Dodging
 - Level 1.0 Spellcasting
 - Level 2.0 Hexes


You had 5 spell levels left.
You knew the following spells:

 Your Spells              Type           Power      Damage    Failure   Level
a - Slow                  Hex            16%        N/A       32%         1

Your spell library contained the following spells:

 Spells                   Type           Power      Damage    Failure   Level
 Inner Flame              Hex/Fire       2%         N/A       82%         3
 Portal Projectile        Hex/Tloc       4%         N/A       82%         3
 Cause Fear               Hex            2%         N/A       97%         4

Inventory:

Hand Weapons
 e - a +1 heavy sling (weapon)
Armour
 g - a +0 pair of gloves (worn)
 l - a +0 ring mail (worn)
 n - a +0 cloak (worn)
Jewellery
 c - the ring "Pujanetic" (right hand) {Will+ SInv}
   (You acquired it on level 2 of the Dungeon)

   [ring of see invisible]

   SInv:      It lets you see invisible.
   Will:      It increases your willpower.
 k - a ring of ice
 m - a ring of willpower (left hand)
Scrolls
 a - 3 scrolls of identify
 b - a scroll of enchant weapon {unknown}
 f - a scroll of fear {unknown}
Potions
 d - 2 potions of curing
 h - a potion of invisibility {unknown}
 i - a potion of mutation {unknown}
 j - a potion of might

Dungeon Overview and Level Annotations

Branches:
Dungeon (3/15)

Altars:
Yredelemnul

Annotations:
D:3 Natasha


Message History

You shoot a sling bullet. The sling bullet barely misses Natasha.
Natasha casts a spell at you.
The magic dart hits you but does no damage.
You shoot a sling bullet.
The sling bullet closely misses Natasha.
Natasha zaps a wand.
The puff of flame hits you!
You shoot a sling bullet. The sling bullet hits Natasha.
Natasha is lightly wounded.
Natasha zaps a wand.
The puff of flame hits you.
You shoot a sling bullet.
The sling bullet closely misses Natasha.
Natasha closely misses you. Natasha casts a spell at you.
The magic dart hits you.
You shoot a sling bullet.
The sling bullet closely misses Natasha.
Natasha casts a spell.
Natasha zaps a wand.
The puff of flame hits you!
You shoot a sling bullet. The sling bullet hits Natasha.
Natasha is moderately wounded.
Natasha claws you but does no damage.
The cerulean imp hits you from afar with a +2 spear.
Natasha zaps a wand.
The puff of flame hits you.
You shoot a sling bullet. The sling bullet hits Natasha!
Natasha is almost dead.
The cerulean imp misses you.
Natasha zaps a wand.
The puff of flame hits you.
The cerulean imp hits you but does no damage.
You shoot a sling bullet. The sling bullet hits Natasha.
Natasha is almost dead.
Natasha claws you. The cerulean imp barely misses you. Natasha claws you.
The cerulean imp closely misses you.
You shoot a sling bullet.
The sling bullet closely misses Natasha.
Natasha barely misses you. The cerulean imp closely misses you.
Natasha claws you. The cerulean imp barely misses you.
You shoot a sling bullet.
The sling bullet closely misses Natasha.
Natasha hisses.
Natasha zaps a wand.
The puff of flame hits you!
You die...

#####..# #...# #......#
#h..# #. #......#
#...#..... #.
#/.....####...#....######
#.
#......).##...#....##...#
#.
#......#.))####...?##...#
#. #......###5# ....
#...# #. #......#
#h####.... #...# #.
#......#
#.@...##+###...###.
#......#
##...>.............
#......#
##...##.##########
#......# #...##.#
........ #......#
######.# #....###
#......# #.# #.... #
######## #.# #....###
#.#.#....... #...........


You could see Natasha and a cerulean imp (summoned).

Vanquished Creatures
  A phantom (D:2)
  An adder (D:2)
  3 dart slugs
  9 orcs
  3 bats
  7 endoplasms
  5 giant cockroaches
  6 goblins
  A hobgoblin (D:1)
  4 kobolds
  3 quokkas
  3 ball pythons
  2 frilled lizards (D:1)
  2 rats (D:2)
50 creatures vanquished.

Notes
Turn   | Place    | Note
-------+----------+-------------------------------------------
     0 | D:1      | qw the Minotaur Hexslinger began the quest for the Orb.
     0 | D:1      | Reached XP level 1. HP: 16/16 MP: 1/1
     0 | D:1      | 0 ||| qw: Version: 0.3-a-51-g015441d
     0 | D:1      | 0 ||| qw: Game counter: 3955
     0 | D:1      | 0 ||| qw: Melee chars always use a shield: true
     0 | D:1      | 0 ||| qw: God list: Okawaru
     0 | D:1      | 0 ||| qw: Allow faded altars: false
     0 | D:1      | 0 ||| qw: Do Orc after clearing Dungeon:15 true
     0 | D:1      | 0 ||| qw: Do second Lair branch before Depths: true
     0 | D:1      | 0 ||| qw: Lair rune preference: random
     0 | D:1      | 0 ||| qw: Goals: Normal
     0 | D:1      | 0 ||| PLANNING D:1-11
    88 | D:1      | 88 ||| FLEEEEING.
   205 | D:1      | Reached skill level 3 in Ranged Weapons
   222 | D:1      | Reached XP level 2. HP: 23/23 MP: 2/2
   766 | D:1      | 766 ||| UPGRADING to +0 leather armour.
   776 | D:1      | 776 ||| DROPPING +0 robe.
   777 | D:1      | 777 ||| UPGRADING to +0 pair of gloves.
   782 | D:1      | 782 ||| READING 2 scrolls labelled TAGOABRUQOS.
   783 | D:1      | 783 ||| READING scroll labelled BUFECW KAGHE.
   784 | D:1      | 784 ||| READING scroll labelled ERIANLUTH.
   785 | D:1      | 785 ||| READING scroll labelled ITRIYNY ALIANE.
   786 | D:1      | 786 ||| DRINKING 3 black potions.
   787 | D:1      | 787 ||| DROPPING scroll of poison.
   810 | D:2      | 810 ||| FLEEEEING.
   811 | D:2      | 811 ||| FLEEEEING.
   815 | D:2      | 815 ||| STAIRDANCE
   877 | D:2      | Reached XP level 3. HP: 29/29 MP: 3/3
   931 | D:2      | Noticed a phantom
   938 | D:2      | Reached skill level 4 in Ranged Weapons
   944 | D:2      | Killed a phantom
   945 | D:2      | Reached skill level 5 in Ranged Weapons
   945 | D:2      | Reached XP level 4. HP: 24/36 MP: 4/4
  1648 | D:2      | Found a basalt altar of Yredelemnul.
  1689 | D:2      | 1689 ||| UPGRADING to +0 ring mail.
  1699 | D:2      | 1699 ||| DROPPING +0 leather armour.
  1700 | D:2      | 1700 ||| UPGRADING to +0 cloak.
  1705 | D:2      | 1705 ||| UPGRADING to ring of willpower.
  1706 | D:2      | 1706 ||| READING scroll labelled NALUTUSSUO.
  1707 | D:2      | 1707 ||| READING scroll labelled CILOQI PEAKEAPS.
  1707 | D:2      | Identified a scroll of acquirement
  1707 | D:2      | 1707 ||| ACQUIRING ring "Pujanetic" {Will+ SInv}
  1707 | D:2      | Acquired the ring "Pujanetic" {Will+ SInv}
  1709 | D:2      | 1709 ||| UPGRADING to ring "Pujanetic" {Will+ SInv}.
  1710 | D:2      | 1710 ||| READING scroll labelled YSTRAO BADEFE.
  1711 | D:2      | 1711 ||| DRINKING 2 fizzy pink potions.
  1712 | D:2      | 1712 ||| READING 5 scrolls of identify.
  1712 | D:2      | 1712 ||| IDENTIFYING fizzy inky potion
  1713 | D:2      | 1713 ||| READING 4 scrolls of identify.
  1713 | D:2      | 1713 ||| IDENTIFYING smoky cyan potion
  1714 | D:2      | 1714 ||| DROPPING potion of degeneration.
  1715 | D:2      | 1715 ||| DROPPING potion of ambrosia.
  1832 | D:3      | 1832 ||| STAIRDANCE
  1835 | D:2      | Reached XP level 5. HP: 36/42 MP: 5/5
  1999 | D:3      | Reached skill level 1 in Armour
  2074 | D:3      | Noticed Natasha
  2075 | D:3      | 2075 ||| FLEEEEING.
  2076 | D:3      | 2076 ||| FLEEEEING.
  2077 | D:3      | 2077 ||| FLEEEEING.
  2078 | D:3      | 2078 ||| FLEEEEING.
  2084 | D:3      | 2084 ||| FLEEEEING.
  2085 | D:3      | 2085 ||| FLEEEEING.
  2086 | D:3      | 2086 ||| FLEEEEING.
  2087 | D:3      | 2087 ||| FLEEEEING.
  2088 | D:3      | 2088 ||| FLEEEEING.
  2089 | D:3      | 2089 ||| FLEEEEING.
  2090 | D:3      | 2090 ||| FLEEEEING.
  2101 | D:3      | HP: 6/42 [Natasha (5)]
  2102 | D:3      | HP: 2/42 [Natasha (3)]
  2103 | D:3      | Killed from afar by Natasha

Levels and vault maps discovered:
D:1:      ncdulo_smallfort, layout_basic
D:2:      layout_basic, basic_altar, minmay_heptomino_o4
D:3:      layout_basic, uniq_natasha, uniq_ijyb

Skill      XL: |  1  2  3  4  5 |
---------------+----------------+-----
Ranged Weapons | 3 5 |  5.3
Fighting       | 2 |  2.6
Armour         | 1 |  1.0
Dodging        | |  2.1
Spellcasting   | |  1.0
Hexes          | |  2.0

Action                     |  1- 3 |  4- 6 || total
---------------------------+-------+-------++-------
   Fire: Sling             |    70 |    55 ||   125
    Use: Scroll            |     4 |     5 ||     9
         Potion            |     1 |     1 ||     2
 Armour: Robe              |     2 |       ||     2
         Leather armour    |     4 |       ||     4
         Ring mail         |       |    14 ||    14
  Dodge: Dodged            |    16 |    35 ||    51

Table legend:
 A = Non-vault XP
 B = Vault XP
 C = Vault XP percentage of total XP
 D = Non-vault monster count
 E = Vault monster count
 F = Vault count percentage of total count
                 A         B        C        D         E       F
            +---------+---------+-------+---------+---------+-------
      Total |      98 |     123 |  55.7 |      46 |       4 |   8.0
            +---------+---------+-------+---------+---------+-------
        D:1 |      31 |       0 |   0.0 |      17 |       0 |   0.0
        D:2 |      42 |     123 |  74.5 |      20 |       4 |  16.7
        D:3 |      25 |       0 |   0.0 |       9 |       0 |   0.0
            +---------+---------+-------+---------+---------+-------
